 Dungeon Crawl Stone Soup version 0.31-a0-703-gcfe89afef6 (webtiles) character file.

Game seed: 13985698264495877976

2123 qw the Skirmisher (level 9, -3/56 HPs)
             Began as a Gargoyle Hunter on Sept 8, 2023.
             Was a Follower of Okawaru.
             Slain by a troll (4 damage)
             ... on level 7 of the Dungeon.
             The game lasted 00:02:26 (4974 turns).

qw the Skirmisher (Gargoyle Hunter)                 Turns: 4974, Time: 00:02:27

Health: -3/56      AC: 18    Str: 14 (15) XL:     9   Next: 29%
Magic:  12/12      EV: 19    Int: 10      God:    Okawaru [*.....]
Gold:   286        SH:  0    Dex: 17      Spells: 8/8 levels left

rFire   . . .        Y - +1 orcbow (freeze)
rCold   . . .        (shield currently unavailable)
rNeg    + . .        h - +0 ring mail
rPois   inf          (no helmet)
rElec   +            p - +2 cloak
rCorr   +            f - +0 pair of gloves
SInv    .            (no boots)
Will    .....        (no amulet)
Stlth   +++          n - ring of resist corrosion
HPRegen 0.29/turn    l - +5 ring of evasion
MPRegen 0.13/turn

%: no passive effects
@: about to teleport, heroic
A: sickness immunity, AC +6, negative energy resistance 1, electricity
resistance, torment resistance 1, petrification resistance
a: Renounce Religion, Heroism


You were on level 7 of the Dungeon.
You worshipped Okawaru.
Okawaru was aware of your devotion.
You visited 2 branches of the dungeon, and saw 8 of its levels.

You collected 429 gold pieces.
You spent 143 gold pieces at shops.


Innate Abilities, Weirdness & Mutations

You are immune to sickness and miasma.
Your stone body is resilient. (AC +6)
You are immune to poison.
You resist negative energy. (rN+)
You are resistant to electric shocks. (rElec)
You are resistant to unholy torment.
You are immune to petrification.


   Skills:
 + Level 6.3(11.3) Fighting
 - Level 10.0(15.0) Ranged Weapons
 - Level 3.2(8.2) Armour
 - Level 2.1(7.1) Dodging
 - Level 1.1(6.1) Stealth
 - Level 4.2 Invocations


You had 8 spell levels left.
You didn't know any spells.
Your spell library was empty.

Inventory:

Hand Weapons
 Y - a +1 orcbow of freezing (weapon)
Armour
 f - a +0 pair of gloves (worn)
 h - a +0 ring mail (worn)
 p - a +2 cloak (worn)
Jewellery
 l - a +5 ring of evasion (right hand)
 n - a ring of resist corrosion (left hand)
Scrolls
 c - 2 scrolls of teleportation
 m - a scroll of identify
Potions
 a - a potion of resistance
 b - a potion of enlightenment
 d - a potion of heal wounds
 e - a potion of invisibility {unknown}
 g - 2 potions of curing
 i - a potion of cancellation {unknown}
 j - a potion of berserk rage {unknown}
 o - a potion of lignification {unknown}

Dungeon Overview and Level Annotations

Branches:
Dungeon (7/15)             Temple (1/1) D:4

Altars:
Ashenzari
Cheibriados
Dithmenos
Fedhas
Gozag
Hepliaklqana
Kikubaaqudgha
Makhleb
Nemelex Xobeh
Okawaru
Qazlal
Ru
Sif Muna
Trog
Vehumet
Wu Jian
Xom
Yredelemnul
Zin
The Shining One

Shops:
D:4 [   D:5 :*   D:6 ?


Message History

The wyvern barely misses you. The bullfrog closely misses you.
The sleepcap releases spores at you but does no damage.
You shoot an arrow. The arrow barely misses the wyvern.
The arrow closely misses the water moccasin.
The wyvern bites you! The bullfrog misses you. The sleepcap barely misses you.
The troll misses you. The troll barely misses you. The troll claws you.
The wyvern misses you. The bullfrog completely misses you.
You shoot an arrow. The arrow barely misses the wyvern.
The arrow barely misses the water moccasin.
The wyvern barely misses you.
The bullfrog hits you but does no damage.
The sleepcap releases spores at you but does no damage.
The troll closely misses you. The troll misses you. x2
An ice beast comes into view.
You shoot an arrow.
The arrow hits the wyvern but does no damage.
The wyvern is heavily wounded.
The bullfrog closely misses you. The wyvern completely misses you.
The sleepcap closely misses you. The troll closely misses you. x3
You shoot an arrow. The arrow hits the wyvern.
The arrow freezes the wyvern.
The wyvern is heavily wounded.
The wyvern bites you! The bullfrog completely misses you.
The sleepcap releases spores at you but does no damage.
The wyvern barely misses you. The bullfrog hits you!
You shoot an arrow. The arrow closely misses the wyvern.
The arrow closely misses the water moccasin.
The arrow hits the ice beast!
The ice beast is moderately wounded.
The troll barely misses you. The troll claws you but does no damage.
The troll claws you.
The bullfrog hits you but does no damage.
The wyvern closely misses you.
The sleepcap releases spores at you but does no damage.
4974 ||| READING 3 scrolls of teleportation.
As you read the scroll of teleportation, it crumbles to dust.
You feel strangely unstable.
The bullfrog hits you but does no damage.
The wyvern completely misses you. The troll bites you!
The troll barely misses you. The troll claws you.
You die...

#..../.....)...?..#
#..)...............
#...................
#...##..##...###+##.
#...##### ####
#.......+ ..
#.......# ...
##..##### ....
##..#T@##...#.
#...oFlfg.....
#..#.YS#...#..
##..#...#...#
#..)#..$#...#
#...#...#g..#.
#..#...#...#..
##............
....#...#...#


You could see a troll, a water moccasin, a wyvern, an ice beast, a sleepcap, a
bullfrog, a gnoll and an orc.

Vanquished Creatures
  A steam dragon (D:6)
  A water moccasin (D:5)
  A black bear (D:5)
  2 ice beasts (D:6)
  A sky beast (D:6)
  An ogre (D:6)
  2 centaurs
  A bullfrog (D:7)
  A gnoll sergeant (D:5)
  A scorpion (D:5)
  3 wights (D:4)
  3 howler monkeys
  A crimson imp (D:3)
  4 hounds
  2 jellies (D:7)
  3 sleepcaps
  An iron imp (D:6)
  A gnoll bouda (D:7)
  5 iguanas
  2 orc wizards (D:4)
  Natasha (twice) (D:3)
  9 gnolls
  4 adders
  2 shadow imps
  A white imp (D:5)
  3 worms
  2 dart slugs
  9 orcs
  7 endoplasms
  4 giant cockroaches (D:1)
  9 goblins
  6 hobgoblins
  3 quokkas (D:1)
  6 ball pythons
  8 bats
  4 frilled lizards
  A goblin zombie (D:3)
  4 hobgoblin zombies (D:3)
  9 kobolds
  3 kobold skeletons (D:3)
  2 kobold zombies (D:3)
  2 orc zombies (D:3)
  3 rats
140 creatures vanquished.

Notes
Turn   | Place    | Note
-------+----------+-------------------------------------------
     0 | D:1      | qw the Gargoyle Hunter began the quest for the Orb.
     0 | D:1      | Reached XP level 1. HP: 12/12 MP: 1/1
     0 | D:1      | 0 ||| qw: Version: 0.3-a-76-g4403597
     0 | D:1      | 0 ||| qw: Game counter: 1277
     0 | D:1      | 0 ||| qw: Melee chars always use a shield: true
     0 | D:1      | 0 ||| qw: God list: Okawaru
     0 | D:1      | 0 ||| qw: Allow faded altars: false
     0 | D:1      | 0 ||| qw: Do Orc after clearing Dungeon:15 true
     0 | D:1      | 0 ||| qw: Do second Lair branch before Depths: true
     0 | D:1      | 0 ||| qw: Lair rune preference: random
     0 | D:1      | 0 ||| qw: Goals: Normal
     0 | D:1      | 0 ||| PLANNING D:1-11
   127 | D:1      | Reached XP level 2. HP: 14/17 MP: 2/2
   179 | D:1      | You fall into a shaft and drop 1 floor!
   234 | D:2      | Reached XP level 3. HP: 21/21 MP: 3/3
   374 | D:2      | 374 ||| UPGRADING to +0 pair of gloves.
   379 | D:2      | 379 ||| READING 3 scrolls labelled IDOYSIN ILAOC.
   380 | D:2      | 380 ||| DROPPING 2 scrolls of blinking.
   381 | D:2      | 381 ||| DROPPING scroll of butterflies.
   395 | D:1      | Reached skill level 5 in Ranged Weapons
   676 | D:1      | Reached skill level 3 in Fighting
   873 | D:1      | Reached XP level 4. HP: 28/28 MP: 4/4
   914 | D:1      | 914 ||| READING scroll labelled LUEDAG POPAOSH.
  1473 | D:2      | 1473 ||| UPGRADING to +0 ring mail.
  1483 | D:2      | 1483 ||| DROPPING +0 leather armour.
  1484 | D:2      | 1484 ||| READING 2 scrolls labelled SOTYNTARAE.
  1546 | D:3      | Found a glowing golden altar of the Shining One.
  1614 | D:3      | Reached XP level 5. HP: 32/32 MP: 5/5
  1697 | D:3      | 1697 ||| Stepping ~*~*~tactically~*~*~ (outnumbered).
  1699 | D:3      | 1699 ||| Stepping ~*~*~tactically~*~*~ (outnumbered).
  1701 | D:3      | 1701 ||| Stepping ~*~*~tactically~*~*~ (outnumbered).
  1913 | D:3      | Found an opulent altar of Gozag.
  1972 | D:3      | Noticed Natasha
  1973 | D:3      | 1973 ||| Stepping ~*~*~tactically~*~*~ (outnumbered).
  1982 | D:3      | Killed Natasha
  2156 | D:3      | Noticed Natasha
  2161 | D:3      | Killed Natasha
  2162 | D:3      | Reached skill level 6 in Ranged Weapons
  2267 | D:3      | 2267 ||| READING scroll labelled GILYLO WUOMAM.
  2268 | D:3      | 2268 ||| READING scroll labelled QURGHE JU VIONG.
  2308 | D:4      | 2308 ||| SWAPPING to +2 heavy sling.
  2309 | D:4      | 2309 ||| DROPPING +0 shortbow.
  2322 | D:4      | Found Medomiti's Armour Boutique.
  2358 | D:4      | HP: 5/32 [something/puff of flame (10)]
  2359 | D:4      | 2359 ||| READING scroll of teleportation.
  2468 | D:4      | Found a sacrificial altar of Ru.
  2487 | D:4      | Reached XP level 6. HP: 27/38 MP: 6/6
  2585 | D:4      | Found a staircase to the Ecumenical Temple.
  2586 | D:4      | 2586 ||| PLANNING TEMPLE
  2591 | Temple   | Entered the Ecumenical Temple
  2592 | Temple   | 2592 ||| PLANNING OKAWARU WORSHIP
  2599 | Temple   | Became a worshipper of Warmaster Okawaru
  2600 | Temple   | 2600 ||| PLANNING D:1-11
  2728 | D:4      | Found a broken altar of Ashenzari.
  2756 | D:4      | Reached XP level 7. HP: 44/44 MP: 7/7
  2781 | D:4      | Found a hazy altar of Hepliaklqana.
  2999 | D:4      | Reached skill level 7 in Ranged Weapons
  3048 | D:4      | 3048 ||| READING scroll labelled SAZIHURPHOA.
  3049 | D:4      | 3049 ||| READING scroll labelled CUAHAF PID YNU.
  3075 | D:5      | Entered Level 5 of the Dungeon
  3078 | D:5      | 3078 ||| RETREATING.
  3128 | D:5      | 3128 ||| FLEEEEING.
  3133 | D:5      | Reached * piety under Okawaru
  3134 | D:5      | Reached skill level 8 in Ranged Weapons
  3134 | D:5      | 3134 ||| INVOKING Heroism.
  3152 | D:5      | 3152 ||| FLEEEEING.
  3153 | D:5      | 3153 ||| STAIRDANCE
  3256 | D:5      | 3256 ||| SWAPPING to +0 orcbow.
  3262 | D:5      | Reached XP level 8. HP: 49/49 MP: 8/8
  3271 | D:5      | Reached skill level 1 in Invocations
  3290 | D:5      | 3290 ||| FLEEEEING.
  3292 | D:5      | 3292 ||| FLEEEEING.
  3293 | D:5      | 3293 ||| FLEEEEING.
  3294 | D:5      | 3294 ||| STAIRDANCE
  3320 | D:4      | 3320 ||| DROPPING +2 heavy sling.
  3326 | D:5      | 3326 ||| INVOKING Heroism.
  3340 | D:5      | 3340 ||| INVOKING Heroism.
  3467 | D:5      | Found Muwkoz's Self-Improvement Boutique.
  3671 | D:5      | Found an ornate altar of the Wu Jian Council.
  3673 | D:5      | Identified the +0 hand axe "Widowmaker" {flame, rPois rN+
                  | Int+3}
  3701 | D:5      | 3701 ||| UPGRADING to ring of resist corrosion.
  3702 | D:5      | 3702 ||| READING 3 scrolls labelled OSALEL ENUTIWN.
  3703 | D:5      | 3703 ||| READING scroll labelled HUAQIUGG JIMAR.
  3737 | D:5      | 3737 ||| READING scroll labelled VARUNO EGROUSAFYWN.
  3738 | D:5      | 3738 ||| DRINKING 2 lumpy golden potions.
  3739 | D:5      | 3739 ||| DROPPING 2 scrolls of poison.
  3867 | D:5      | Found Opneudub's Elemental Accessories.
  4143 | D:5      | 4143 ||| DRINKING 3 bubbling blue potions.
  4144 | D:5      | 4144 ||| DROPPING 2 potions of degeneration.
  4222 | D:6      | 4222 ||| INVOKING Heroism.
  4227 | D:6      | Reached skill level 9 in Ranged Weapons
  4251 | D:6      | 4251 ||| INVOKING Heroism.
  4311 | D:6      | Found For Waum's Magic Scroll Boutique.
  4316 | D:6      | 4316 ||| BUYING 3 scrolls of teleportation (99 gold).
  4316 | D:6      | Bought 3 scrolls of teleportation for 99 gold pieces
  4316 | D:6      | 4316 ||| BUYING scroll of identify (22 gold).
  4316 | D:6      | Bought a scroll of identify for 22 gold pieces
  4316 | D:6      | 4316 ||| BUYING scroll of identify (22 gold).
  4316 | D:6      | Bought a scroll of identify for 22 gold pieces
  4351 | D:6      | Reached skill level 6 in Fighting
  4442 | D:6      | 4442 ||| INVOKING Heroism.
  4445 | D:6      | 4445 ||| Stepping ~*~*~tactically~*~*~ (cloud).
  4452 | D:6      | Reached skill level 3 in Invocations
  4512 | D:6      | Reached XP level 9. HP: 55/55 MP: 11/11
  4648 | D:6      | Found a snail-covered altar of Cheibriados.
  4836 | D:6      | Reached skill level 10 in Ranged Weapons
  4838 | D:6      | 4838 ||| UPGRADING to +2 cloak.
  4843 | D:6      | 4843 ||| UPGRADING to +5 ring of evasion.
  4844 | D:6      | 4844 ||| READING scroll labelled VAITIG AXKATS.
  4845 | D:6      | 4845 ||| READING scroll labelled CUNKIM ICREPP.
  4846 | D:6      | 4846 ||| DRINKING 3 bubbling orange potions.
  4847 | D:6      | 4847 ||| READING 3 scrolls of identify.
  4847 | D:6      | 4847 ||| IDENTIFYING smoky sapphire potion
  4848 | D:6      | 4848 ||| READING 2 scrolls of identify.
  4848 | D:6      | 4848 ||| IDENTIFYING green potion
  4870 | D:7      | 4870 ||| INVOKING Heroism.
  4893 | D:7      | 4893 ||| INVOKING Heroism.
  4896 | D:7      | 4896 ||| Stepping ~*~*~tactically~*~*~ (outnumbered).
  4936 | D:7      | 4936 ||| INVOKING Heroism.
  4941 | D:7      | Reached skill level 3 in Armour
  4953 | D:7      | Noticed a troll
  4954 | D:7      | 4954 ||| RETREATING.
  4956 | D:7      | 4956 ||| INVOKING Heroism.
  4961 | D:7      | 4961 ||| Stepping ~*~*~tactically~*~*~ (outnumbered).
  4962 | D:7      | 4962 ||| Stepping ~*~*~tactically~*~*~ (retreating).
  4963 | D:7      | 4963 ||| Stepping ~*~*~tactically~*~*~ (retreating).
  4964 | D:7      | 4964 ||| Stepping ~*~*~tactically~*~*~ (retreating).
  4973 | D:7      | HP: 11/56 [troll (4)]
  4974 | D:7      | 4974 ||| READING 3 scrolls of teleportation.
  4974 | D:7      | HP: 1/56 [troll (10)]
  4974 | D:7      | Slain by a troll

Levels and vault maps discovered:
D:1:      ebering_hopf_link, layout_basic, st_stairs_12
D:2:      layout_loops_ring
D:3:      layout_rooms, grunt_gozag_statues, nicolae_tso_besieged_by_evil,
          uniq_natasha
D:4:      layout_cave_pools, mainiacjoe_overflow_boulevard,
          nicolae_ru_sacrificial_ziggurat, mainiacjoe_overflow_paths,
          minmay_temple_entry_hall, serial_shops, shop
D:5:      layout_basic, amcnicky_altar_gilded, serial_bayou,
          serial_bayou_pond_b, serial_bayou_shore_a, serial_bayou_ford_a,
          serial_bayou_pond_c, nicolae_elemental_shop, nicolae_shop_self_help
D:6:      layout_rooms, slow_altar_2, serial_shops, shop
D:7:      cheibrodos_fzero, layout_gridville, gammafunk_ghost_hive,
          minmay_manual_mess
Temple:   hellmonk_temple_forest_ring

Skill      XL: |  1  2  3  4  5  6  7  8  9 |
---------------+----------------------------+-----
Ranged Weapons | 5 6 8 9 10 | 10.0
Fighting       | 3 4 5 6 |  6.3
Armour         | 2 3 |  3.2
Invocations    | 3 4 |  4.2
Dodging        | 2 |  2.1
Stealth        | |  1.1

Action                     |  1- 3 |  4- 6 |  7- 9 || total
---------------------------+-------+-------+-------++-------
   Fire: Shortbow          |   139 |   164 |       ||   303
         Sling             |       |    48 |    42 ||    90
         Orcbow            |       |       |   185 ||   185
 Invoke: Heroism           |       |       |    10 ||    10
    Use: Scroll            |     1 |     5 |    10 ||    16
         Potion            |       |       |     3 ||     3
 Armour: Leather armour    |   103 |     6 |       ||   109
         Ring mail         |       |   105 |   138 ||   243
  Dodge: Dodged            |   107 |   109 |   103 ||   319

Table legend:
 A = Non-vault XP
 B = Vault XP
 C = Vault XP percentage of total XP
 D = Non-vault monster count
 E = Vault monster count
 F = Vault count percentage of total count
                 A         B        C        D         E       F
            +---------+---------+-------+---------+---------+-------
      Total |    2586 |     448 |  14.8 |     118 |      22 |  15.7
            +---------+---------+-------+---------+---------+-------
        D:1 |      58 |       2 |   3.3 |      32 |       2 |   5.9
        D:2 |      47 |       0 |   0.0 |      13 |       0 |   0.0
        D:3 |      94 |      97 |  50.8 |      13 |      14 |  51.9
        D:4 |     405 |       0 |   0.0 |      23 |       0 |   0.0
        D:5 |     807 |     138 |  14.6 |      20 |       2 |   9.1
        D:6 |    1054 |      39 |   3.6 |      12 |       1 |   7.7
        D:7 |     121 |     172 |  58.7 |       5 |       3 |  37.5
            +---------+---------+-------+---------+---------+-------
